Map: Ice and Chrome LE

Players

Lutzio

  • Race: Protoss Protoss
  • League: Gold
  • Spawn Location: 7:00

Massa - Winner!

  • Race: Terran Terran
  • League: Gold
  • Spawn Location: 1:00

VOD

Have the link to the VOD?

Description

Time

  • Played on: July 17, 2020, 8:54 a.m.
  • Length: 3:50
Show
View Real Time Build Order
Export as new Build Order

Lutzio Protoss 

Build Orders:  

Get SALT Encoding   

  12  0:02  Probe  
  13  0:15  Probe  
  13  0:20  Pylon  
  14  0:27  Probe  
  15  0:35  Probe  
  15  0:42  Gateway  
  16  0:43  Probe  
  17  0:54  Probe, Assimilator  
  18  1:06  Probe  
  19  1:18  Probe  
  20  1:30  Probe  
  21  1:42  Probe  
  22  1:51  Nexus  
  22  1:59  Pylon  
  22  2:03  Probe, Cybernetics Core  
  23  2:11  Gateway  
  23  2:16  Gateway  
  23  2:27  Assimilator  
  23  2:28  Probe  
  24  2:40  Adept  
  24  2:43  Probe  
  27  2:57  Pylon  
  27  3:02  Probe, Adept  
  29  3:06  Probe, Pylon  
  29  3:10  Adept  
  29  3:11  Probe  
  34  3:25  Probe, Robotics Facility  
  35  3:31  Shield Battery  
  35  3:32  Probe  
  36  3:39  Shield Battery  
Show
View Real Time Build Order
Export as new Build Order

Massa Terran - Winner!

Build Orders:  

Get SALT Encoding   

  12  0:02  SCV  
  13  0:14  Supply Depot  
  13  0:18  SCV  
  14  0:30  SCV  
  15  0:38  Barracks  
  15  0:43  SCV  
  16  0:53  Supply Depot  
  16  0:55  SCV  
  17  1:07  SCV  
  18  1:15  Barracks  
  18  1:24  Supply Depot  
  18  1:32  Marine  
  19  1:37  Barracks  
  19  1:40  SCV  
  19  1:50  Marine  
  20  1:58  Orbital Command  
  20  2:02  Refinery  
  20  2:07  Marine  
  21  2:21  Marine  
  22  2:25  Marine  
  23  2:31  Marine  
  24  2:38  Marine  
  24  2:43  Marine  
  26  2:49  Marine  
  27  2:56  Marine  
  28  3:01  Marine  
  29  3:08  SCV  
  30  3:15  Command Center  
  30  3:17  Marine  
  31  3:22  Supply Depot  
  31  3:27  Supply Depot  
  35  3:49  Bunker  
Tags
 
League
GoldGold
Matchup
PvT
Replay Pack
Multiplayer
Spawn Locations
Cross Positions
Add a new tag
Caveats
  • Supply blocks, unpowered buildings, or Contaminate may cause inaccurate times.
  • Supply counts are checked every 10 seconds.